[ PARTIDA AOE2 · #476125312 ]
UnrankedMongoles vs Vietnamese
[ ANÁLISIS DE REPETICIÓN · EXTRAÍDO DE LA PARTIDA GRABADA ]
Feudal
8:42
Castillos
25:50
Imperial
46:34
| APM promedio | 39.5 |
| APM pico | 65 |
| eAPM promedio | 26.4 |
| Aldeanos / militares | 159 / 249 |
Foco
⚔️ 42.8% · 🌾 57.2%
Camel Scout ×71 · Scout Cavalry ×71 · Skirmisher ×62 · Knight ×35 · Trebuchet (Packed) ×9 · Monk ×1
Feudal
9:38
Castillos
26:29
Imperial
47:45
| APM promedio | 36.6 |
| APM pico | 64 |
| eAPM promedio | 22.5 |
| Aldeanos / militares | 132 / 320 |
Foco
⚔️ 45.3% · 🌾 54.7%
Skirmisher ×212 · Spearman ×33 · Archer ×28 · Scout Cavalry ×13 · Fire Lancer ×11 · Battering Ram ×11
Feudal
9:34
Castillos
23:49
Imperial
47:57
| APM promedio | 68.8 |
| APM pico | 122 |
| eAPM promedio | 28.4 |
| Aldeanos / militares | 135 / 415 |
Foco
⚔️ 33.3% · 🌾 66.7%
Mangudai ×146 · Skirmisher ×115 · Scout Cavalry ×70 · Camel Scout ×33 · Spearman ×17 · Battering Ram ×9
Feudal
8:12
Castillos
21:33
Imperial
39:32
| APM promedio | 68.2 |
| APM pico | 107 |
| eAPM promedio | 30.9 |
| Aldeanos / militares | 224 / 439 |
Foco
⚔️ 50.6% · 🌾 49.4%
Archer ×267 · Knight ×90 · Scout Cavalry ×25 · Skirmisher ×24 · Trebuchet (Packed) ×12 · Chu Ko Nu ×11
Mapa de la partida
Recursos iniciales + cada clic de construcción. Líneas = muros · curvas = relieve. ◆ oro · ⬟ piedra · ● bayas · ✦ reliquia · ◌ hueco del cierre
Tu base· ✓ Cerrada en 25:50 · 68t muro · sin puerta
Base de sales96· Abierta — flanco sin cerrar
Base de Sevastokrator· Abierta — hueco de 6t
Base de JoC-Rui· Abierta — hueco de 3t
Terreno inicial suavizado · ◌ = hueco del cierre detectado · pasá el cursor para detalles
Inputs por minuto
— GatorGottaEat - - sales96
Build order — GatorGottaEat
Primeras 150 de 641 acciones detectadas
| 0:03 | Construir | Town Center |
| 1:07 | Crear | Villager (Male) |
| 1:07 | Crear | Villager (Male) |
| 1:08 | Crear | Villager (Male) |
| 1:12 | Crear | Villager (Male) |
| 1:35 | Construir | Lumber Camp |
| 1:53 | Crear | Villager (Male) |
| 2:15 | Crear | Villager (Male) |
| 2:21 | Construir | Mill |
| 3:36 | Crear | Villager (Male) |
| 4:01 | Crear | Villager (Male) |
| 4:01 | Crear | Villager (Male) |
| 4:17 | Crear | Villager (Male) |
| 4:46 | Crear | Villager (Male) |
| 5:19 | Crear | Villager (Male) |
| 5:21 | Investigar | Loom |
| 5:44 | Crear | Villager (Male) |
| 5:53 | Construir | Mill |
| 6:15 | Investigar | Feudal Age |
| 6:45 | Construir | Mill |
| 7:15 | Construir | Barracks |
| 8:16 | Crear | Villager (Male) |
| 8:16 | Crear | Villager (Male) |
| 8:42 | Edad | Edad Feudal |
| 8:48 | Construir | Stable |
| 8:55 | Construir | House |
| 9:20 | Crear | Villager (Male) |
| 9:40 | Investigar | Double-Bit Axe |
| 9:51 | Crear | Scout Cavalry |
| 9:51 | Crear | Scout Cavalry |
| 9:52 | Crear | Scout Cavalry |
| 9:52 | Crear | Scout Cavalry |
| 9:52 | Crear | Scout Cavalry |
| 10:00 | Construir | House |
| 10:04 | Crear | Villager (Male) |
| 10:04 | Crear | Villager (Male) |
| 10:22 | Construir | Stable |
| 10:28 | Crear | Scout Cavalry |
| 10:36 | Crear | Villager (Male) |
| 10:43 | Construir | Palisade Wall |
| 10:43 | Crear | Villager (Male) |
| 11:04 | Crear | Scout Cavalry |
| 11:10 | Crear | Scout Cavalry |
| 11:16 | Construir | House |
| 11:22 | Crear | Scout Cavalry |
| 11:22 | Crear | Scout Cavalry |
| 11:32 | Crear | Scout Cavalry |
| 11:39 | Construir | House |
| 11:48 | Crear | Villager (Male) |
| 11:54 | Construir | Blacksmith |
| 12:00 | Crear | Villager (Male) |
| 12:03 | Construir | House |
| 12:05 | Construir | House |
| 12:18 | Construir | House |
| 12:19 | Construir | Palisade Wall |
| 12:23 | Crear | Scout Cavalry |
| 12:38 | Investigar | Scale Barding Armor |
| 12:59 | Construir | House |
| 13:00 | Construir | Palisade Wall |
| 13:09 | Crear | Villager (Male) |
| 13:14 | Construir | Farm |
| 13:18 | Construir | Farm |
| 13:20 | Construir | Farm |
| 13:22 | Construir | Farm |
| 13:35 | Crear | Villager (Male) |
| 13:44 | Crear | Villager (Male) |
| 13:45 | Construir | House |
| 13:56 | Construir | Mill |
| 14:05 | Crear | Villager (Male) |
| 14:11 | Crear | Scout Cavalry |
| 14:16 | Construir | Farm |
| 14:19 | Crear | Villager (Male) |
| 14:45 | Crear | Scout Cavalry |
| 14:59 | Construir | House |
| 15:04 | Crear | Villager (Male) |
| 15:08 | Construir | Farm |
| 15:10 | Construir | Farm |
| 15:13 | Construir | Farm |
| 15:24 | Crear | Villager (Male) |
| 15:31 | Construir | Palisade Wall |
| 15:36 | Crear | Scout Cavalry |
| 15:40 | Construir | Palisade Wall |
| 15:50 | Crear | Villager (Male) |
| 15:55 | Construir | Farm |
| 16:41 | Construir | Town Center |
| 16:46 | Crear | Scout Cavalry |
| 16:46 | Crear | Scout Cavalry |
| 16:51 | Investigar | Forging |
| 16:53 | Crear | Scout Cavalry |
| 17:07 | Construir | House |
| 17:09 | Construir | Palisade Wall |
| 17:15 | Construir | House |
| 17:16 | Construir | Palisade Wall |
| 17:45 | Crear | Villager (Male) |
| 17:47 | Crear | Scout Cavalry |
| 17:52 | Crear | Villager (Male) |
| 18:13 | Crear | Villager (Male) |
| 18:19 | Crear | Villager (Male) |
| 18:22 | Construir | Mill |
| 18:23 | Construir | Farm |
| 18:23 | Construir | Farm |
| 18:23 | Construir | Farm |
| 18:23 | Construir | Farm |
| 18:24 | Construir | Farm |
| 18:24 | Construir | Farm |
| 18:28 | Crear | Villager (Male) |
| 18:34 | Construir | House |
| 18:44 | Construir | House |
| 18:46 | Construir | House |
| 19:12 | Construir | Mining Camp |
| 19:12 | Crear | Villager (Male) |
| 19:39 | Crear | Villager (Male) |
| 19:45 | Crear | Villager (Male) |
| 19:53 | Crear | Scout Cavalry |
| 19:55 | Crear | Villager (Male) |
| 19:58 | Construir | Farm |
| 20:02 | Construir | Farm |
| 20:07 | Crear | Villager (Male) |
| 20:16 | Construir | House |
| 20:18 | Crear | Scout Cavalry |
| 20:18 | Crear | Scout Cavalry |
| 20:32 | Investigar | Wheelbarrow |
| 20:54 | Construir | House |
| 21:16 | Construir | Farm |
| 21:28 | Construir | House |
| 21:29 | Construir | Palisade Wall |
| 22:05 | Construir | Farm |
| 22:17 | Construir | House |
| 22:26 | Investigar | Castle Age |
| 22:50 | Investigar | Horse Collar |
| 23:01 | Construir | House |
| 23:02 | Construir | Palisade Wall |
| 23:12 | Investigar | Bloodlines |
| 23:31 | Construir | House |
| 23:35 | Construir | Stable |
| 24:03 | Construir | Palisade Wall |
| 24:39 | Construir | House |
| 24:41 | Construir | Palisade Wall |
| 24:45 | Crear | Scout Cavalry |
| 24:45 | Crear | Scout Cavalry |
| 25:25 | Construir | Lumber Camp |
| 25:50 | Edad | Edad de los Castillos |
| 25:53 | Crear | Knight |
| 25:53 | Crear | Knight |
| 25:54 | Crear | Knight |
| 25:54 | Crear | Knight |
| 25:54 | Crear | Knight |
| 26:28 | Crear | Knight |
| 26:39 | Crear | Villager (Male) |
| 26:46 | Crear | Knight |
Build order — sales96
Primeras 150 de 526 acciones detectadas
| 0:05 | Construir | Town Center |
| 1:06 | Crear | Villager (Male) ×4 |
| 1:50 | Construir | Lumber Camp |
| 1:51 | Crear | Villager (Male) |
| 2:30 | Crear | Villager (Male) |
| 2:48 | Crear | Villager (Male) |
| 3:27 | Crear | Villager (Male) |
| 3:53 | Crear | Villager (Male) |
| 4:02 | Construir | House |
| 4:05 | Construir | House |
| 4:13 | Construir | Palisade Wall |
| 4:14 | Construir | House |
| 4:18 | Crear | Villager (Male) |
| 5:00 | Construir | Mill |
| 5:02 | Crear | Villager (Male) |
| 5:06 | Construir | Palisade Wall |
| 5:08 | Construir | House |
| 5:09 | Construir | Palisade Wall |
| 5:16 | Crear | Villager (Male) |
| 5:45 | Crear | Villager (Male) |
| 6:11 | Crear | Villager (Male) |
| 6:12 | Investigar | Loom |
| 6:46 | Construir | Barracks |
| 7:28 | Investigar | Feudal Age |
| 7:29 | Investigar | Feudal Age |
| 7:50 | Construir | Mining Camp |
| 7:55 | Construir | Palisade Wall |
| 8:00 | Construir | Palisade Wall |
| 8:02 | Construir | Palisade Wall |
| 8:02 | Construir | Palisade Wall |
| 8:04 | Construir | Palisade Wall |
| 8:05 | Construir | Palisade Wall |
| 8:19 | Crear | Villager (Male) |
| 8:19 | Crear | Villager (Male) |
| 9:12 | Crear | Villager (Male) |
| 9:14 | Crear | Villager (Male) |
| 9:38 | Edad | Edad Feudal |
| 9:50 | Construir | Archery Range |
| 9:57 | Construir | Archery Range |
| 10:02 | Construir | Archery Range |
| 10:09 | Construir | Archery Range |
| 10:15 | Construir | Palisade Wall |
| 10:17 | Crear | Villager (Male) |
| 10:31 | Construir | House |
| 10:37 | Crear | Villager (Male) |
| 10:43 | Crear | Spearman |
| 10:55 | Crear | Spearman |
| 11:22 | Crear | Archer |
| 11:22 | Crear | Archer |
| 11:28 | Construir | Blacksmith |
| 11:42 | Crear | Villager (Male) |
| 11:57 | Crear | Spearman |
| 12:03 | Construir | Palisade Wall |
| 12:04 | Construir | Palisade Wall |
| 12:06 | Construir | Palisade Wall |
| 12:12 | Crear | Villager (Male) |
| 12:18 | Crear | Spearman |
| 12:37 | Crear | Spearman |
| 12:39 | Crear | Villager (Male) |
| 12:45 | Crear | Archer |
| 12:45 | Crear | Archer |
| 12:48 | Construir | House |
| 12:49 | Construir | Palisade Wall |
| 13:07 | Crear | Villager (Male) |
| 13:09 | Crear | Archer |
| 13:09 | Crear | Archer |
| 13:19 | Crear | Villager (Male) |
| 13:32 | Construir | House |
| 13:32 | Construir | House |
| 13:38 | Construir | Farm |
| 14:05 | Crear | Archer |
| 14:05 | Crear | Archer |
| 14:07 | Crear | Villager (Male) |
| 14:18 | Crear | Villager (Male) |
| 14:31 | Construir | Palisade Gate |
| 14:33 | Construir | Palisade Wall |
| 14:38 | Investigar | Town Watch |
| 14:43 | Crear | Archer |
| 14:44 | Crear | Archer |
| 14:54 | Construir | House |
| 14:55 | Construir | House |
| 15:05 | Crear | Villager (Male) |
| 15:11 | Construir | Farm |
| 15:15 | Construir | Farm |
| 15:19 | Crear | Archer |
| 15:25 | Investigar | Double-Bit Axe |
| 15:33 | Construir | Farm |
| 15:38 | Crear | Archer |
| 15:39 | Crear | Archer |
| 15:54 | Investigar | Fletching |
| 16:11 | Crear | Villager (Male) |
| 16:28 | Construir | Stable |
| 16:32 | Crear | Archer |
| 16:32 | Crear | Archer |
| 16:36 | Crear | Villager (Male) |
| 16:48 | Crear | Archer |
| 16:49 | Crear | Archer |
| 17:14 | Crear | Villager (Male) |
| 17:32 | Investigar | Padded Archer Armor |
| 17:33 | Crear | Villager (Male) |
| 17:50 | Construir | House |
| 17:52 | Construir | Palisade Wall |
| 18:04 | Crear | Spearman |
| 18:04 | Crear | Spearman |
| 18:07 | Construir | Palisade Wall |
| 18:09 | Construir | Palisade Wall |
| 18:11 | Construir | Palisade Wall |
| 18:13 | Construir | House |
| 18:14 | Construir | Palisade Wall |
| 18:18 | Crear | Villager (Male) |
| 18:18 | Crear | Villager (Male) |
| 18:20 | Construir | Farm |
| 18:35 | Crear | Archer |
| 18:35 | Crear | Archer |
| 18:37 | Crear | Spearman |
| 18:45 | Crear | Villager (Male) |
| 19:06 | Crear | Scout Cavalry |
| 19:07 | Crear | Scout Cavalry |
| 19:08 | Crear | Archer |
| 19:08 | Crear | Archer |
| 19:35 | Crear | Archer |
| 19:36 | Crear | Archer |
| 19:38 | Crear | Scout Cavalry |
| 19:58 | Crear | Scout Cavalry |
| 20:30 | Crear | Villager (Male) |
| 20:41 | Crear | Archer |
| 20:42 | Crear | Archer |
| 20:53 | Crear | Villager (Male) |
| 21:00 | Construir | Market |
| 21:02 | Construir | Farm |
| 21:06 | Construir | Farm |
| 21:17 | Crear | Villager (Male) |
| 21:27 | Construir | Farm |
| 21:29 | Construir | Farm |
| 21:31 | Construir | Farm |
| 21:31 | Crear | Villager (Male) |
| 22:13 | Investigar | Wheelbarrow |
| 22:37 | Construir | Farm |
| 22:38 | Construir | Farm |
| 22:39 | Construir | Farm |
| 22:40 | Construir | Farm |
| 22:42 | Construir | Farm |
| 23:03 | Crear | Villager (Male) |
| 23:05 | Construir | Farm |
| 23:09 | Construir | Farm |
| 23:49 | Investigar | Castle Age |
| 23:50 | Investigar | Castle Age |
| 23:53 | Construir | Mining Camp |
| 24:03 | Investigar | Horse Collar |
| 24:04 | Investigar | Horse Collar |
Build order — Sevastokrator
Primeras 150 de 573 acciones detectadas
| 0:04 | Construir | Town Center |
| 1:08 | Crear | Villager (Male) |
| 1:09 | Crear | Villager (Male) |
| 1:09 | Crear | Villager (Male) |
| 1:09 | Crear | Villager (Male) |
| 1:09 | Crear | Villager (Male) |
| 1:09 | Crear | Villager (Male) |
| 2:27 | Construir | Lumber Camp |
| 2:39 | Crear | Villager (Male) |
| 2:39 | Crear | Villager (Male) |
| 2:39 | Crear | Villager (Male) |
| 2:41 | Crear | Villager (Male) |
| 2:41 | Crear | Villager (Male) |
| 2:42 | Crear | Villager (Male) |
| 2:42 | Crear | Villager (Male) |
| 2:42 | Crear | Villager (Male) |
| 2:42 | Crear | Villager (Male) |
| 3:03 | Crear | Villager (Male) |
| 3:03 | Crear | Villager (Male) |
| 3:04 | Crear | Villager (Male) |
| 3:04 | Crear | Villager (Male) |
| 3:04 | Crear | Villager (Male) |
| 4:05 | Construir | Mill |
| 4:27 | Crear | Villager (Male) |
| 4:27 | Crear | Villager (Male) |
| 5:17 | Construir | House |
| 5:31 | Crear | Villager (Male) |
| 6:36 | Crear | Villager (Male) |
| 6:59 | Investigar | Feudal Age |
| 7:00 | Investigar | Feudal Age |
| 7:11 | Construir | Barracks |
| 7:52 | Construir | Palisade Wall |
| 8:58 | Construir | Palisade Wall |
| 9:34 | Edad | Edad Feudal |
| 9:36 | Construir | Stable |
| 9:37 | Crear | Villager (Male) |
| 9:53 | Crear | Villager (Male) |
| 9:55 | Construir | House |
| 10:02 | Construir | Blacksmith |
| 10:08 | Construir | Palisade Wall |
| 10:11 | Crear | Villager (Male) |
| 10:13 | Crear | Scout Cavalry |
| 10:13 | Crear | Scout Cavalry |
| 10:37 | Crear | Villager (Male) |
| 11:00 | Crear | Villager (Male) |
| 11:03 | Construir | Palisade Wall |
| 11:08 | Crear | Scout Cavalry |
| 11:08 | Crear | Scout Cavalry |
| 11:16 | Investigar | Forging |
| 11:17 | Investigar | Forging |
| 11:22 | Construir | Palisade Wall |
| 11:24 | Crear | Villager (Male) |
| 11:33 | Crear | Spearman |
| 11:33 | Crear | Spearman |
| 11:39 | Construir | Palisade Wall |
| 11:52 | Construir | House |
| 12:07 | Crear | Villager (Male) |
| 12:13 | Construir | House |
| 12:25 | Crear | Scout Cavalry |
| 12:25 | Crear | Scout Cavalry |
| 12:30 | Construir | House |
| 12:36 | Construir | House |
| 12:46 | Construir | House |
| 12:47 | Construir | Palisade Wall |
| 13:07 | Crear | Spearman |
| 13:07 | Crear | Spearman |
| 13:11 | Crear | Villager (Male) |
| 13:12 | Crear | Villager (Male) |
| 13:41 | Crear | Villager (Male) |
| 13:45 | Investigar | Loom |
| 13:56 | Crear | Villager (Male) |
| 14:04 | Construir | Mining Camp |
| 14:12 | Crear | Spearman |
| 14:12 | Crear | Spearman |
| 14:14 | Investigar | Scale Mail Armor |
| 14:29 | Crear | Villager (Male) |
| 14:38 | Construir | House |
| 14:49 | Crear | Villager (Male) |
| 15:00 | Construir | Farm |
| 15:02 | Construir | Farm |
| 15:05 | Construir | House |
| 15:08 | Crear | Villager (Male) |
| 15:19 | Construir | Farm |
| 15:27 | Crear | Spearman |
| 15:27 | Crear | Spearman |
| 15:42 | Construir | Market |
| 15:48 | Crear | Villager (Male) |
| 15:59 | Construir | Farm |
| 16:28 | Crear | Spearman |
| 16:29 | Crear | Spearman |
| 16:31 | Crear | Villager (Male) |
| 17:00 | Construir | Palisade Wall |
| 17:05 | Construir | Farm |
| 17:11 | Construir | Farm |
| 17:46 | Construir | Lumber Camp |
| 18:15 | Construir | Palisade Wall |
| 18:18 | Construir | Palisade Wall |
| 18:45 | Construir | Palisade Gate |
| 18:46 | Construir | Palisade Gate |
| 18:58 | Construir | Barracks |
| 18:59 | Crear | Villager (Male) |
| 19:24 | Crear | Villager (Male) |
| 19:28 | Crear | Villager (Male) |
| 19:32 | Construir | Farm |
| 19:33 | Construir | Farm |
| 20:06 | Construir | Farm |
| 20:10 | Construir | House |
| 20:13 | Construir | House |
| 20:17 | Construir | Farm |
| 20:19 | Construir | Farm |
| 20:38 | Construir | Palisade Wall |
| 20:49 | Construir | House |
| 21:02 | Construir | Palisade Wall |
| 21:09 | Investigar | Castle Age |
| 21:09 | Investigar | Castle Age |
| 21:09 | Investigar | Castle Age |
| 21:13 | Construir | Palisade Wall |
| 21:20 | Crear | Spearman |
| 21:20 | Crear | Spearman |
| 21:23 | Construir | Palisade Wall |
| 22:08 | Construir | Palisade Wall |
| 22:16 | Crear | Villager (Male) |
| 22:30 | Investigar | Wheelbarrow |
| 22:40 | Construir | Stone Wall |
| 22:45 | Construir | Stone Wall |
| 22:51 | Construir | Stone Wall |
| 22:54 | Construir | Stone Wall |
| 22:58 | Construir | Stone Wall |
| 23:02 | Construir | Stone Wall |
| 23:11 | Construir | Stone Wall |
| 23:20 | Construir | Stone Wall |
| 23:27 | Construir | Stone Wall |
| 23:29 | Construir | Stone Wall |
| 23:35 | Construir | Farm |
| 23:37 | Crear | Villager (Male) |
| 23:49 | Edad | Edad de los Castillos |
| 24:00 | Construir | Castle |
| 24:03 | Crear | Villager (Male) |
| 24:22 | Construir | Stone Wall |
| 24:26 | Crear | Villager (Male) |
| 24:40 | Construir | Stone Wall |
| 24:41 | Crear | Villager (Male) |
| 24:53 | Construir | House |
| 24:56 | Construir | Farm |
| 24:57 | Crear | Villager (Male) |
| 25:01 | Construir | Town Center |
| 25:11 | Construir | Mining Camp |
| 25:17 | Crear | Mangudai |
| 25:17 | Crear | Mangudai |
| 25:18 | Crear | Mangudai |
Build order — JoC-Rui
Primeras 150 de 831 acciones detectadas
| 0:04 | Construir | Town Center |
| 1:12 | Investigar | Loom |
| 1:41 | Crear | Villager (Male) |
| 2:03 | Crear | Villager (Male) |
| 2:03 | Crear | Villager (Male) |
| 2:20 | Crear | Villager (Male) |
| 2:38 | Construir | Mill |
| 2:47 | Crear | Villager (Male) |
| 2:47 | Crear | Villager (Male) |
| 3:02 | Crear | Villager (Male) |
| 3:02 | Crear | Villager (Male) |
| 3:30 | Crear | Villager (Male) |
| 3:30 | Crear | Villager (Male) |
| 4:04 | Crear | Villager (Male) |
| 5:08 | Construir | Lumber Camp |
| 5:20 | Crear | Villager (Male) |
| 6:02 | Investigar | Feudal Age |
| 7:28 | Construir | Barracks |
| 7:46 | Crear | Villager (Male) |
| 8:12 | Edad | Edad Feudal |
| 8:15 | Construir | Stable |
| 8:26 | Crear | Villager (Male) |
| 8:31 | Investigar | Double-Bit Axe |
| 8:31 | Investigar | Double-Bit Axe |
| 8:57 | Crear | Villager (Male) |
| 8:58 | Crear | Scout Cavalry |
| 8:58 | Crear | Scout Cavalry |
| 8:59 | Crear | Scout Cavalry |
| 9:13 | Construir | Farm |
| 9:19 | Construir | Farm |
| 9:23 | Construir | House |
| 9:26 | Construir | Palisade Wall |
| 9:27 | Construir | Palisade Wall |
| 9:29 | Crear | Villager (Male) |
| 9:32 | Crear | Scout Cavalry |
| 9:44 | Construir | Farm |
| 9:58 | Crear | Villager (Male) |
| 10:08 | Construir | Farm |
| 10:10 | Crear | Scout Cavalry |
| 10:10 | Crear | Scout Cavalry |
| 10:20 | Construir | House |
| 10:21 | Construir | Palisade Wall |
| 10:26 | Crear | Villager (Male) |
| 10:26 | Crear | Villager (Male) |
| 10:54 | Crear | Villager (Male) |
| 11:07 | Construir | Archery Range |
| 11:10 | Crear | Scout Cavalry |
| 11:21 | Crear | Villager (Male) |
| 11:38 | Construir | Farm |
| 11:41 | Crear | Villager (Male) |
| 11:50 | Construir | Farm |
| 11:52 | Crear | Villager (Male) |
| 12:09 | Crear | Scout Cavalry |
| 12:15 | Construir | House |
| 12:17 | Crear | Skirmisher |
| 12:17 | Crear | Skirmisher |
| 12:37 | Crear | Villager (Male) |
| 12:44 | Construir | Farm |
| 12:47 | Construir | House |
| 12:52 | Construir | House |
| 12:53 | Construir | Palisade Wall |
| 12:57 | Crear | Villager (Male) |
| 13:02 | Crear | Villager (Male) |
| 13:13 | Construir | Farm |
| 13:15 | Crear | Skirmisher |
| 13:15 | Crear | Skirmisher |
| 13:27 | Crear | Villager (Male) |
| 13:31 | Construir | House |
| 13:33 | Construir | Palisade Wall |
| 13:40 | Crear | Skirmisher |
| 13:41 | Crear | Villager (Male) |
| 13:50 | Construir | House |
| 13:52 | Construir | Palisade Wall |
| 13:55 | Crear | Villager (Male) |
| 14:06 | Crear | Skirmisher |
| 14:08 | Crear | Villager (Male) |
| 14:22 | Construir | Farm |
| 14:33 | Crear | Villager (Male) |
| 14:45 | Construir | House |
| 14:49 | Crear | Skirmisher |
| 14:49 | Crear | Skirmisher |
| 15:38 | Construir | Blacksmith |
| 15:39 | Crear | Villager (Male) |
| 15:59 | Crear | Skirmisher |
| 16:00 | Crear | Skirmisher |
| 16:02 | Crear | Villager (Male) |
| 16:19 | Construir | Mining Camp |
| 16:21 | Investigar | Fletching |
| 16:38 | Crear | Villager (Male) |
| 16:43 | Construir | Lumber Camp |
| 16:46 | Crear | Skirmisher |
| 16:46 | Crear | Skirmisher |
| 16:47 | Crear | Villager (Male) |
| 17:05 | Construir | Farm |
| 17:07 | Construir | Farm |
| 17:27 | Construir | Farm |
| 17:29 | Crear | Villager (Male) |
| 17:34 | Crear | Skirmisher |
| 17:34 | Crear | Skirmisher |
| 17:35 | Crear | Villager (Male) |
| 17:55 | Construir | Farm |
| 18:02 | Crear | Villager (Male) |
| 18:15 | Construir | Farm |
| 18:27 | Crear | Villager (Male) |
| 18:45 | Construir | Farm |
| 18:53 | Investigar | Castle Age |
| 18:54 | Investigar | Castle Age |
| 19:03 | Construir | Farm |
| 19:20 | Investigar | Padded Archer Armor |
| 19:24 | Construir | Farm |
| 19:39 | Investigar | Horse Collar |
| 19:52 | Crear | Skirmisher |
| 19:52 | Crear | Skirmisher |
| 19:53 | Crear | Skirmisher |
| 19:54 | Construir | Farm |
| 20:28 | Crear | Skirmisher |
| 20:28 | Crear | Skirmisher |
| 20:34 | Crear | Villager (Male) |
| 20:48 | Crear | Skirmisher |
| 20:48 | Crear | Skirmisher |
| 20:49 | Crear | Skirmisher |
| 20:51 | Construir | Archery Range |
| 20:58 | Construir | Farm |
| 21:03 | Crear | Skirmisher |
| 21:10 | Investigar | Gold Mining |
| 21:12 | Construir | Mining Camp |
| 21:15 | Construir | Archery Range |
| 21:33 | Edad | Edad de los Castillos |
| 21:36 | Investigar | Crossbowman (upgrade) |
| 21:56 | Construir | Farm |
| 21:57 | Construir | Farm |
| 22:08 | Investigar | Crossbowman (upgrade) |
| 22:08 | Investigar | Bodkin Arrow |
| 22:09 | Investigar | Bodkin Arrow |
| 22:14 | Construir | University |
| 22:19 | Crear | Archer |
| 22:19 | Crear | Archer |
| 22:20 | Crear | Archer |
| 22:20 | Crear | Archer |
| 22:20 | Crear | Archer |
| 22:20 | Crear | Archer |
| 22:30 | Crear | Archer |
| 22:35 | Crear | Archer |
| 22:46 | Crear | Archer |
| 22:48 | Crear | Villager (Male) |
| 22:53 | Investigar | Bow Saw |
| 22:53 | Investigar | Bow Saw |
| 22:55 | Crear | Archer |
| 23:04 | Investigar | Ballistics |
| 23:05 | Crear | Archer |
Cronología de la partida
| 4:13 | sales96 · wall_segment Palisade Wall x2 |
| 5:06 | sales96 · wall_segment Palisade Wall x2 |
| 5:09 | sales96 · wall_segment Palisade Wall x2 |
| 6:46 | sales96 · first_building Barracks |
| 7:11 | Sevastokrator · first_building Barracks |
| 7:15 | GatorGottaEat · first_building Barracks |
| 7:28 | JoC-Rui · first_building Barracks |
| 7:52 | Sevastokrator · wall_segment Palisade Wall x8 |
| 7:55 | sales96 · wall_segment Palisade Wall x4 |
| 8:00 | sales96 · wall_segment Palisade Wall x2 |
| 8:02 | sales96 · wall_segment Palisade Wall x2 |
| 8:02 | sales96 · wall_segment Palisade Wall x1 |
| 8:04 | sales96 · wall_segment Palisade Wall x2 |
| 8:05 | sales96 · wall_segment Palisade Wall x1 |
| 8:12 | JoC-Rui · age_up feudal |
| 8:15 | JoC-Rui · first_building Stable |
| 8:42 | GatorGottaEat · age_up feudal |
| 8:48 | GatorGottaEat · first_building Stable |
| 8:58 | Sevastokrator · wall_segment Palisade Wall x4 |
| 9:26 | JoC-Rui · wall_segment Palisade Wall x5 |
| 9:27 | JoC-Rui · wall_segment Palisade Wall x1 |
| 9:34 | Sevastokrator · age_up feudal |
| 9:36 | Sevastokrator · first_building Stable |
| 9:38 | sales96 · age_up feudal |
| 9:50 | sales96 · first_building Archery Range |
| 10:08 | Sevastokrator · wall_segment Palisade Wall x5 |
| 10:15 | sales96 · wall_segment Palisade Wall x1 |
| 10:21 | JoC-Rui · wall_segment Palisade Wall x1 |
| 10:43 | GatorGottaEat · wall_segment Palisade Wall x7 |
| 11:03 | Sevastokrator · wall_segment Palisade Wall x1 |
| 11:07 | JoC-Rui · first_building Archery Range |
| 11:22 | Sevastokrator · wall_segment Palisade Wall x8 |
| 11:39 | Sevastokrator · wall_segment Palisade Wall x5 |
| 12:03 | sales96 · wall_segment Palisade Wall x1 |
| 12:04 | sales96 · wall_segment Palisade Wall x1 |
| 12:06 | sales96 · wall_segment Palisade Wall x1 |
| 12:19 | GatorGottaEat · wall_segment Palisade Wall x13 |
| 12:47 | Sevastokrator · wall_segment Palisade Wall x1 |
| 12:49 | sales96 · wall_segment Palisade Wall x1 |
| 12:53 | JoC-Rui · wall_segment Palisade Wall x7 |
| 13:00 | GatorGottaEat · wall_segment Palisade Wall x4 |
| 13:33 | JoC-Rui · wall_segment Palisade Wall x3 |
| 13:52 | JoC-Rui · wall_segment Palisade Wall x13 |
| 14:33 | sales96 · wall_segment Palisade Wall x1 |
| 15:31 | GatorGottaEat · wall_segment Palisade Wall x8 |
| 15:40 | GatorGottaEat · wall_segment Palisade Wall x7 |
| 16:28 | sales96 · first_building Stable |
| 17:00 | Sevastokrator · wall_segment Palisade Wall x8 |
| 17:08 | Sevastokrator · first_market_sell 100 stone |
| 17:09 | GatorGottaEat · wall_segment Palisade Wall x5 |
| 17:16 | GatorGottaEat · wall_segment Palisade Wall x6 |
| 17:52 | sales96 · wall_segment Palisade Wall x1 |
| 18:07 | sales96 · wall_segment Palisade Wall x1 |
| 18:09 | sales96 · wall_segment Palisade Wall x1 |
| 18:11 | sales96 · wall_segment Palisade Wall x1 |
| 18:14 | sales96 · wall_segment Palisade Wall x1 |
| 18:15 | Sevastokrator · wall_segment Palisade Wall x6 |
| 18:18 | Sevastokrator · wall_segment Palisade Wall x7 |
| 20:24 | Sevastokrator · first_market_buy 100 wood |
| 20:38 | Sevastokrator · wall_segment Palisade Wall x5 |
| 21:02 | Sevastokrator · wall_segment Palisade Wall x1 |
| 21:13 | Sevastokrator · wall_segment Palisade Wall x1 |
| 21:23 | Sevastokrator · wall_segment Palisade Wall x5 |
| 21:29 | GatorGottaEat · wall_segment Palisade Wall x5 |
| 21:33 | JoC-Rui · age_up castle |
| 22:08 | Sevastokrator · wall_segment Palisade Wall x9 |
| 22:40 | Sevastokrator · wall_segment Stone Wall x5 |
| 22:45 | Sevastokrator · wall_segment Stone Wall x6 |
| 22:51 | Sevastokrator · wall_segment Stone Wall x1 |
| 22:54 | Sevastokrator · wall_segment Stone Wall x1 |
| 22:58 | sales96 · first_market_buy 100 food |
| 22:58 | Sevastokrator · wall_segment Stone Wall x1 |
| 23:02 | Sevastokrator · wall_segment Stone Wall x1 |
| 23:02 | GatorGottaEat · wall_segment Palisade Wall x8 |
| 23:11 | Sevastokrator · wall_segment Stone Wall x1 |
| 23:20 | Sevastokrator · wall_segment Stone Wall x1 |
| 23:27 | Sevastokrator · wall_segment Stone Wall x1 |
| 23:29 | Sevastokrator · wall_segment Stone Wall x1 |
| 23:49 | Sevastokrator · age_up castle |
| 24:00 | Sevastokrator · first_building Castle |
| 24:03 | GatorGottaEat · wall_segment Palisade Wall x1 |
| 24:22 | Sevastokrator · wall_segment Stone Wall x1 |
| 24:40 | Sevastokrator · wall_segment Stone Wall x2 |
| 24:41 | GatorGottaEat · wall_segment Palisade Wall x4 |
| 25:50 | GatorGottaEat · age_up castle |
| 26:29 | sales96 · age_up castle |
| 26:57 | GatorGottaEat · wall_segment Palisade Wall x5 |
| 26:58 | GatorGottaEat · wall_segment Palisade Wall x7 |
| 27:32 | Sevastokrator · wall_segment Stone Wall x4 |
| 27:43 | Sevastokrator · wall_segment Stone Wall x1 |
| 27:46 | Sevastokrator · wall_segment Stone Wall x1 |
| 27:47 | Sevastokrator · wall_segment Stone Wall x1 |
| 27:48 | Sevastokrator · wall_segment Stone Wall x1 |
| 27:50 | Sevastokrator · wall_segment Stone Wall x1 |
| 27:55 | Sevastokrator · first_building Monastery |
| 27:57 | JoC-Rui · first_building Siege Workshop |
| 28:16 | sales96 · first_market_sell 100 stone |
| 28:29 | Sevastokrator · wall_segment Stone Wall x2 |
| 30:01 | Sevastokrator · wall_segment Stone Wall x1 |
| 30:09 | GatorGottaEat · first_building Archery Range |
| 30:39 | sales96 · first_building Siege Workshop |
| 31:54 | GatorGottaEat · first_market_buy 100 food |
| 32:42 | GatorGottaEat · wall_segment Palisade Wall x8 |
| 33:00 | JoC-Rui · first_building Castle |
| 36:17 | Sevastokrator · first_building Siege Workshop |
| 38:23 | Sevastokrator · wall_segment Stone Wall x7 |
| 39:32 | JoC-Rui · age_up imperial |
| 39:44 | GatorGottaEat · first_building Monastery |
| 40:28 | GatorGottaEat · wall_segment Stone Wall x8 |
| 40:30 | GatorGottaEat · wall_segment Stone Wall x5 |
| 40:33 | GatorGottaEat · wall_segment Stone Wall x6 |
| 42:37 | sales96 · first_building Castle |
| 45:36 | GatorGottaEat · first_market_sell 100 food |
| 45:43 | GatorGottaEat · first_building Castle |
| 45:58 | JoC-Rui · first_market_buy 100 food |
| 46:24 | sales96 · wall_segment Palisade Wall x1 |
| 46:26 | sales96 · wall_segment Palisade Wall x1 |
| 46:28 | sales96 · wall_segment Palisade Wall x1 |
| 46:30 | sales96 · wall_segment Palisade Wall x1 |
| 46:34 | GatorGottaEat · age_up imperial |
| 46:36 | sales96 · wall_segment Palisade Wall x1 |
| 47:45 | sales96 · age_up imperial |
| 47:57 | Sevastokrator · age_up imperial |
| 52:05 | Sevastokrator · first_building Archery Range |
| 54:57 | JoC-Rui · first_market_sell 500 food |
| 55:22 | JoC-Rui · first_building Monastery |
| 57:50 | Sevastokrator · wall_segment Stone Wall x1 |
| 57:53 | Sevastokrator · wall_segment Stone Wall x1 |
| 61:32 | Sevastokrator · resign |
[ ANÁLISIS IA · 1 CRÉDITO ]
¿Qué pasó realmente en esta partida?
Wolo.gg analiza cada decisión: build order, eco, micro, errores típicos por bracket. Análisis personalizado por WhatsApp o Discord en 30 segundos.
Guía civ
Mongoles
Perfil
Jugador #17701621